TOP OF THE 1ST |
Hendersonville Hitmen batting - Pitching for Maui Tropics : LHP Kent Robinson
|
Pitching: LHP Kent Robinson
|
|
Batting: RHB Eduardo García
|
0-0: Swinging Strike 0-1: Swinging Strike 0-2: Ball 1-2: Foul Ball, location: 2F 1-2: Ball 2-2: Strikes out swinging
|
Batting: LHB Lorenzo Quintanilla
|
0-0: Swinging Strike 0-1: Ball 1-1: Ball 2-1: Ground out 4-3 (Groundball, 4S)
|
Batting: RHB Manolo Román
|
0-0: Ball 1-0: Ball 2-0: SINGLE (Line Drive, 56D)
|
Batting: LHB Tony Abete
|
0-0: Called Strike 0-1: Ball 1-1: Ground out 1-3 (Groundball, 15S)
|
Top of the 1st over - 0 run(s), 1 hit(s), 0 error(s), 1 left on base; Hendersonville 0 - Maui 0 |
BOTTOM OF THE 1ST |
Maui Tropics batting - Pitching for Hendersonville Hitmen : RHP Carlos Hernández
|
Pitching: RHP Carlos Hernández
|
|
Batting: RHB Jeff Packard
|
0-0: Ball 1-0: Swinging Strike 1-1: Swinging Strike 1-2: Ball 2-2: Ball 3-2: Base on Balls
|
Batting: RHB Jesús Espinoza
|
0-0: Called Strike 0-1: Swinging Strike 0-2: Foul Ball, location: 2F 0-2: Ball 1-2: Strikes out swinging
|
Batting: RHB José Herrera
|
0-0: Ball 1-0: Foul Ball, location: 2F 1-1: Swinging Strike 1-2: Ball 2-2: SINGLE (Groundball, 5L) Jeff Packard to second
|
Batting: LHB Luis Antonio Torres
|
0-0: Swinging Strike 0-1: Called Strike 0-2: Foul Ball, location: 2F 0-2: Strikes out swinging
|
Batting: LHB Anacleto Morillo
|
0-0: Called Strike 0-1: Ball 1-1: Ball 2-1: Fly out, F9 (Flyball, 9M)
|
Bottom of the 1st over - 0 run(s), 1 hit(s), 0 error(s), 2 left on base; Hendersonville 0 - Maui 0 |
TOP OF THE 2ND |
Hendersonville Hitmen batting - Pitching for Maui Tropics : LHP Kent Robinson
|
Batting: RHB Robert Buckley
|
0-0: Called Strike 0-1: Swinging Strike 0-2: Ball 1-2: Strikes out swinging
|
Batting: LHB Pedro Gonzáles
|
0-0: Ball 1-0: Called Strike 1-1: Ball 2-1: Swinging Strike 2-2: Fly out, F8 (Flyball, 8LM)
|
Batting: RHB Junior Vargas
|
0-0: Ball 1-0: SINGLE (Line Drive, 6MD)
|
Batting: RHB Taylor McFarland
|
0-0: Swinging Strike 0-1: Called Strike 0-2: Strikes out swinging
|
Top of the 2nd over - 0 run(s), 1 hit(s), 0 error(s), 1 left on base; Hendersonville 0 - Maui 0 |
BOTTOM OF THE 2ND |
Maui Tropics batting - Pitching for Hendersonville Hitmen : RHP Carlos Hernández
|
Batting: RHB José Rodríguez
|
0-0: Called Strike 0-1: Ball 1-1: Ground out 5-3 (Groundball, 5)
|
Batting: RHB Michael Woodruff
|
0-0: Ball 1-0: Ball 2-0: Called Strike 2-1: Swinging Strike 2-2: Ball 3-2: Foul Ball, location: 2F 3-2: Strikes out looking
|
Batting: RHB Matt Silver
|
0-0: Fly out, F9 (Flyball, 9S)
|
Bottom of the 2nd over - 0 run(s), 0 hit(s), 0 error(s), 0 left on base; Hendersonville 0 - Maui 0 |
TOP OF THE 3RD |
Hendersonville Hitmen batting - Pitching for Maui Tropics : LHP Kent Robinson
|
Batting: RHB Robert Bly
|
0-0: Fly out, F6 (Line Drive, 6)
|
Batting: RHB Eduardo García
|
0-0: Ball 1-0: Called Strike 1-1: Ball 2-1: Ball 3-1: Foul Ball, location: 2F 3-2: SINGLE (Line Drive, 4MD)
|
Batting: LHB Lorenzo Quintanilla
|
0-0: Called Strike 0-1: Swinging Strike 0-2: Hit by Pitch Eduardo García to second
|
Batting: RHB Manolo Román
|
0-0: Called Strike 0-1: Ball 1-1: Swinging Strike 1-2: Grounds into double play, U6-3 (Groundball, 6M)
|
Top of the 3rd over - 0 run(s), 1 hit(s), 0 error(s), 1 left on base; Hendersonville 0 - Maui 0 |
BOTTOM OF THE 3RD |
Maui Tropics batting - Pitching for Hendersonville Hitmen : RHP Carlos Hernández
|
Batting: LHB Javier Espinoza
|
0-0: Ball 1-0: Swinging Strike 1-1: Ball 2-1: Ball 3-1: Swinging Strike 3-2: Strikes out swinging
|
Batting: RHB Jeff Packard
|
0-0: TRIPLE (Flyball, 89XD)
|
Batting: RHB Jesús Espinoza
|
0-0: Ball 1-0: Fly out, F7 (Flyball, 78M) Runner from 3rd tags up, SCORES, throw made
|
Batting: RHB José Herrera
|
0-0: Ground out 3-1 (Groundball, 3L)
|
Bottom of the 3rd over - 1 run(s), 1 hit(s), 0 error(s), 0 left on base; Hendersonville 0 - Maui 1 |
TOP OF THE 4TH |
Hendersonville Hitmen batting - Pitching for Maui Tropics : LHP Kent Robinson
|
Batting: LHB Tony Abete
|
0-0: SINGLE (Groundball, 4M)
|
Batting: RHB Robert Buckley
|
0-0: Ball 1-0: SINGLE (Groundball, 56D) Tony Abete to second
|
Batting: LHB Pedro Gonzáles
|
0-0: Ball 1-0: Grounds into double play, 4-6-3 (Groundball, 34) Tony Abete to third
|
Batting: RHB Junior Vargas
|
0-0: Ball 1-0: Ball 2-0: Ground out 6-3 (Groundball, 6D)
|
Top of the 4th over - 0 run(s), 2 hit(s), 0 error(s), 1 left on base; Hendersonville 0 - Maui 1 |
BOTTOM OF THE 4TH |
Maui Tropics batting - Pitching for Hendersonville Hitmen : RHP Carlos Hernández
|
Batting: LHB Luis Antonio Torres
|
0-0: SINGLE (Line Drive, 6MD)
|
Batting: LHB Anacleto Morillo
|
0-0: Called Strike 0-1: Ball 1-1: Ball 2-1: Called Strike 2-2: Foul Ball, location: 2F 2-2: Hit by Pitch Luis Antonio Torres to second
|
Batting: RHB José Rodríguez
|
0-0: Called Strike 0-1: Ball 1-1: Called Strike 1-2: SINGLE (Groundball, 34D) Luis Antonio Torres to third Anacleto Morillo to second
|
Batting: RHB Michael Woodruff
|
0-0: Ball 1-0: SINGLE (Line Drive, 4D) Luis Antonio Torres scores Anacleto Morillo to third José Rodríguez to second
|
Batting: RHB Matt Silver
|
0-0: Ball 1-0: Foul Ball, location: 2F 1-1: Ball 2-1: Called Strike 2-2: Ball 3-2: Base on Balls Anacleto Morillo scores José Rodríguez to third Michael Woodruff to second
|
Batting: LHB Javier Espinoza
|
0-0: Ball 1-0: Called Strike 1-1: Called Strike 1-2: Ball 2-2: Foul Ball, location: 2F 2-2: Foul Ball, location: 2F 2-2: Foul Ball, location: 2F 2-2: Fly out, F8 (Flyball, 8RD) Runner from 3rd tags up, SCORES, no throw
|
Batting: RHB Jeff Packard
|
0-0: Swinging Strike 0-1: Ball 1-1: Called Strike 1-2: Ball 2-2: Foul Ball, location: 2F 2-2: Ball 3-2: Grounds into double play, 4-6-3 (Groundball, 4)
|
Bottom of the 4th over - 3 run(s), 3 hit(s), 0 error(s), 1 left on base; Hendersonville 0 - Maui 4 |
TOP OF THE 5TH |
Hendersonville Hitmen batting - Pitching for Maui Tropics : LHP Kent Robinson
|
Batting: RHB Taylor McFarland
|
0-0: Fly out, F9 (Flyball, 9LS)
|
Batting: RHB Robert Bly
|
0-0: Ball 1-0: Ball 2-0: Ball 3-0: Called Strike 3-1: Ground out 6-3 (Groundball, 6)
|
Batting: RHB Eduardo García
|
0-0: Ball 1-0: Foul Ball, location: 2F 1-1: Ball 2-1: Foul Ball, location: 2F 2-2: Ball 3-2: Foul Ball, location: 2F 3-2: SINGLE (Groundball, 56D)
|
Batting: LHB Lorenzo Quintanilla
|
0-0: Ball 1-0: Ball 2-0: Ball 3-0: Base on Balls Eduardo García to second
|
Batting: RHB Manolo Román
|
0-0: Ball 1-0: Called Strike 1-1: Swinging Strike 1-2: Foul Ball, location: 2F 1-2: Ground out 5-3 (Groundball, 56S)
|
Top of the 5th over - 0 run(s), 1 hit(s), 0 error(s), 2 left on base; Hendersonville 0 - Maui 4 |
BOTTOM OF THE 5TH |
Maui Tropics batting - Pitching for Hendersonville Hitmen : RHP Carlos Hernández
|
Batting: RHB Jesús Espinoza
|
0-0: Ball 1-0: Foul Ball, location: 2F 1-1: Ball 2-1: Ground out 3-1 (Groundball, 34)
|
Batting: RHB José Herrera
|
0-0: Called Strike 0-1: Called Strike 0-2: Strikes out swinging
|
Batting: LHB Luis Antonio Torres
|
0-0: Ball 1-0: Ground out 3-1 (Groundball, 34)
|
Bottom of the 5th over - 0 run(s), 0 hit(s), 0 error(s), 0 left on base; Hendersonville 0 - Maui 4 |
TOP OF THE 6TH |
Hendersonville Hitmen batting - Pitching for Maui Tropics : LHP Kent Robinson
|
Batting: LHB Tony Abete
|
0-0: Ball 1-0: Ball 2-0: Swinging Strike 2-1: Ground out 6-3 (Groundball, 6M)
|
Batting: RHB Robert Buckley
|
0-0: Fly out, F6 (Line Drive, 6)
|
Batting: LHB Pedro Gonzáles
|
0-0: Called Strike 0-1: Ball 1-1: Foul Ball, location: 2F 1-2: Strikes out swinging
|
Top of the 6th over - 0 run(s), 0 hit(s), 0 error(s), 0 left on base; Hendersonville 0 - Maui 4 |
BOTTOM OF THE 6TH |
Maui Tropics batting - Pitching for Hendersonville Hitmen : RHP Carlos Hernández
|
Batting: LHB Anacleto Morillo
|
0-0: Swinging Strike 0-1: Ball 1-1: Foul Ball, location: 2F 1-2: Ball 2-2: SINGLE (Groundball, 34D)
|
Batting: RHB José Rodríguez
|
0-0: Called Strike 0-1: Swinging Strike 0-2: Strikes out swinging
|
Batting: RHB Michael Woodruff
|
0-0: Fly out, F6 (Popup, 6D)
|
Batting: RHB Matt Silver
|
0-0: Ball 1-0: SINGLE (Line Drive, 7S) Anacleto Morillo to second
|
Batting: LHB Javier Espinoza
|
0-0: Ball 1-0: Ball 2-0: Called Strike 2-1: Ground out 4-3 (Groundball, 4)
|
Bottom of the 6th over - 0 run(s), 2 hit(s), 0 error(s), 2 left on base; Hendersonville 0 - Maui 4 |
TOP OF THE 7TH |
Hendersonville Hitmen batting - Pitching for Maui Tropics : LHP Kent Robinson
|
Batting: RHB Junior Vargas
|
0-0: Ball 1-0: Swinging Strike 1-1: Foul Ball, location: 2F 1-2: Ground out 5-3 (Groundball, 56)
|
Batting: RHB Taylor McFarland
|
0-0: Called Strike 0-1: Ball 1-1: Foul Ball, location: 2F 1-2: Ball 2-2: DOUBLE (Groundball, 5L)
|
Batting: RHB Robert Bly
|
0-0: Ball 1-0: Ball 2-0: SINGLE (Line Drive, 7S) Taylor McFarland to third
|
Batting: RHB Eduardo García
|
0-0: Swinging Strike 0-1: Swinging Strike 0-2: Foul Ball, location: 2F 0-2: Ball 1-2: Strikes out looking
|
Batting: LHB Lorenzo Quintanilla
|
0-0: Foul Ball, location: 2F 0-1: Foul Ball, location: 2F 0-2: Ball 1-2: Ball 2-2: Ball 3-2: DOUBLE (Flyball, 89XD) Taylor McFarland scores Robert Bly to third Robert Bly scores
|
Pitching: RHP Yong-taek Yi
|
|
Batting: RHB Manolo Román
|
0-0: Reached on error, E5 (Groundball, 56) Lorenzo Quintanilla to third
|
Batting: LHB Tony Abete
|
0-0: Called Strike 0-1: Called Strike 0-2: Foul Ball, location: 2F 0-2: Foul Ball, location: 2F 0-2: Strikes out swinging
|
Top of the 7th over - 2 run(s), 3 hit(s), 1 error(s), 2 left on base; Hendersonville 2 - Maui 4 |
BOTTOM OF THE 7TH |
Maui Tropics batting - Pitching for Hendersonville Hitmen : RHP Carlos Hernández
|
Pitching: LHP Alfonso Ramos
|
|
Batting: RHB Jeff Packard
|
0-0: Called Strike 0-1: Called Strike 0-2: Fly out, F3 (Popup, 3D)
|
Batting: RHB Jesús Espinoza
|
0-0: SINGLE (Line Drive, 8LS)
|
Batting: RHB José Herrera
|
0-0: Called Strike 0-1: Called Strike 0-2: Strikes out swinging
|
Batting: LHB Luis Antonio Torres
|
0-0: Ball 1-0: Ball 2-0: Swinging Strike 2-1: Foul Ball, location: 2F 2-2: Strikes out swinging
|
Bottom of the 7th over - 0 run(s), 1 hit(s), 0 error(s), 1 left on base; Hendersonville 2 - Maui 4 |
TOP OF THE 8TH |
Hendersonville Hitmen batting - Pitching for Maui Tropics : RHP Yong-taek Yi
|
Batting: RHB Robert Buckley
|
0-0: Ball 1-0: Called Strike 1-1: Ball 2-1: Foul Ball, location: 2F 2-2: SINGLE (Groundball, 6MD) (infield hit)
|
Pitching: RHP Junior Mateo
|
|
Batting: LHB Pedro Gonzáles
|
Balk! Robert Buckley to second 0-0: Called Strike 0-1: DOUBLE (Flyball, 89XD) Robert Buckley scores
|
Pinch Hitting: SHB Tony López
|
0-0: Called Strike 0-1: Ball 1-1: Ground out 3-1 (Groundball, 34) Pedro Gonzáles to third
|
Pinch Hitting: SHB David Johnstone
|
0-0: Foul Ball, location: 2F 0-1: Ball 1-1: Ball 2-1: Ball 3-1: Foul Ball, location: 2F 3-2: Foul Ball, location: 2F 3-2: Base on Balls
|
Batting: RHB Robert Bly
|
0-0: Foul Ball, location: 2F 0-1: Foul Ball, location: 2F 0-2: Ball 1-2: Ball 2-2: Ball 3-2: Grounds into double play, 6-4-3 (Groundball, 6)
|
Top of the 8th over - 1 run(s), 2 hit(s), 0 error(s), 1 left on base; Hendersonville 3 - Maui 4 |
BOTTOM OF THE 8TH |
Maui Tropics batting - Pitching for Hendersonville Hitmen : LHP Alfonso Ramos
|
Now at 1B: Tony López
|
|
Now at SS: Bill Mark
|
|
Batting: LHB Anacleto Morillo
|
0-0: Ball 1-0: Ball 2-0: Ground out 1-3 (Groundball, 13)
|
Batting: RHB José Rodríguez
|
0-0: Ground out 6-3 (Groundball, 56)
|
Batting: RHB Michael Woodruff
|
0-0: Called Strike 0-1: Called Strike 0-2: Strikes out looking
|
Bottom of the 8th over - 0 run(s), 0 hit(s), 0 error(s), 0 left on base; Hendersonville 3 - Maui 4 |
TOP OF THE 9TH |
Hendersonville Hitmen batting - Pitching for Maui Tropics : RHP Junior Mateo
|
Pitching: RHP Dave Riley
|
|
Batting: RHB Eduardo García
|
0-0: Ball 1-0: Ball 2-0: Ball 3-0: Called Strike 3-1: Base on Balls
|
Batting: LHB Lorenzo Quintanilla
|
0-0: Ball 1-0: Bunted foul 1-1: Ball 2-1: Bunted foul 2-2: Ball 3-2: Base on Balls Eduardo García to second
|
Batting: RHB Manolo Román
|
0-0: Called Strike 0-1: Swinging Strike 0-2: Strikes out swinging
|
Batting: LHB Tony Abete
|
0-0: Ball 1-0: Ball 2-0: Called Strike 2-1: Ball 3-1: Foul Ball, location: 2F 3-2: Base on Balls Eduardo García to third Lorenzo Quintanilla to second
|
Batting: RHB Robert Buckley
|
0-0: Called Strike 0-1: Swinging Strike 0-2: SINGLE (Flyball, 6MD) Eduardo García scores Lorenzo Quintanilla to third Tony Abete to second
|
Batting: LHB Pedro Gonzáles
|
0-0: Ball 1-0: Foul Ball, location: 2F 1-1: SINGLE (Flyball, 4MD) Lorenzo Quintanilla scores Tony Abete to third Robert Buckley to second Runner from 3rd tries for Home, SAFE, no throw or cutoff
|
Pitching: RHP Brandon Mitchell
|
|
Batting: SHB Tony López
|
0-0: Ball 1-0: Foul Ball, location: 2F 1-1: Ball 2-1: Foul Ball, location: 2F 2-2: Foul Ball, location: 2F 2-2: Foul Ball, location: 2F 2-2: Foul Ball, location: 2F 2-2: Ball 3-2: Foul Ball, location: 2F 3-2: Fly out, F8 (Flyball, 8LM) Runner from 2nd tags up, SAFE at 3rd with throw
|
Batting: RHB Bill Mark
|
0-0: SINGLE (Groundball, 6MD) Robert Buckley scores Pedro Gonzáles to second
|
Batting: RHB Robert Bly
|
0-0: Called Strike 0-1: Foul Ball, location: 2F 0-2: Ball 1-2: Fly out, F6 (Line Drive, 6)
|
Top of the 9th over - 4 run(s), 3 hit(s), 0 error(s), 2 left on base; Hendersonville 7 - Maui 4 |
BOTTOM OF THE 9TH |
Maui Tropics batting - Pitching for Hendersonville Hitmen : LHP Alfonso Ramos
|
Pitching: RHP Edward Cadle
|
|
Batting: RHB Matt Silver
|
0-0: Swinging Strike 0-1: Ground out 6-3 (Groundball, 6M)
|
Batting: LHB Javier Espinoza
|
0-0: Called Strike 0-1: Called Strike 0-2: Ball 1-2: Strikes out swinging
|
Batting: RHB Jeff Packard
|
0-0: Ball 1-0: Ball 2-0: Called Strike 2-1: Ground out 5-3 (Groundball, 5L)
|
Bottom of the 9th over - 0 run(s), 0 hit(s), 0 error(s), 0 left on base; Hendersonville 7 - Maui 4 |
|